 Dungeon Crawl Stone Soup version 0.31-a0-187-gba352fbbf7 (webtiles) character file.

Game seed: 11546604255306618741

90 qw the Shooter (level 4, 0/25 HPs)
             Began as a Deep Elf Hunter on June 22, 2023.
             Succumbed to a scorpion's poison
             ... on level 4 of the Dungeon.
             The game lasted 00:00:20 (922 turns).

qw the Shooter (Deep Elf Hunter)                     Turns: 922, Time: 00:00:21

Health: 0/25       AC:  5    Str: 14    XL:     4   Next: 32%
Magic:  6/6        EV: 11    Int: 14    God:
Gold:   58         SH:  0    Dex: 20    Spells: 3/3 levels left

rFire   . . .        Y - +0 shortbow
rCold   . . .        (shield currently unavailable)
rNeg    . . .        h - +0 ring mail
rPois   .            (no helmet)
rElec   .            (no cloak)
rCorr   .            (no gloves)
SInv    .            (no boots)
Will    .....        (no amulet)
Stlth   +            d - +6 ring of strength
HPRegen 0.24/turn    (no ring)
MPRegen 0.10/turn

%: no passive effects
@: lethally poisoned (0 -> -12)
A: no striking features
a: no special abilities


You were on level 4 of the Dungeon.
You visited 1 branch of the dungeon, and saw 3 of its levels.

You collected 58 gold pieces.


   Skills:
 - Level 1.5 Fighting
 + Level 7.7 Ranged Weapons
 - Level 2.4 Dodging
 - Level 1.2 Stealth


You had 3 spell levels left.
You didn't know any spells.
Your spell library was empty.

Inventory:

Hand Weapons
 Y - a +0 shortbow (weapon)
Armour
 e - a +0 pair of gloves
 h - a +0 ring mail (worn)
Jewellery
 d - a +6 ring of strength (left hand)
Scrolls
 b - a scroll of teleportation
 c - a scroll of identify {unknown}
 f - a scroll of silence {unknown}
Potions
 a - a potion of ambrosia {unknown}
 i - 2 potions of curing {unknown}

Dungeon Overview and Level Annotations

Branches:
Dungeon (2/15)

Altars:


Message History

Enter note: You see here a bat corpse.
i - 2 yellow potions (gained 1)
A sourceless malevolence fills the Dungeon...
You fall into a shaft and drop 2 floors!
The shaft crumbles and collapses.
A scorpion comes into view.
Waypoint 2 assigned to D:4.
You shoot an arrow.
The arrow completely misses the scorpion.
You shoot an arrow.
The arrow hits the scorpion but does no damage.
You shoot an arrow. The arrow barely misses the scorpion.
The scorpion completely misses you.
You shoot an arrow. The arrow hits the scorpion.
The scorpion is moderately wounded.
The scorpion stings you.
You are poisoned.
The scorpion poisons you!
You shoot an arrow.
The arrow hits the scorpion but does no damage.
The scorpion is moderately wounded.
You feel very sick. The scorpion stings you.
You shoot an arrow. The arrow hits the scorpion!
The scorpion is severely wounded.
You feel very sick.
The scorpion stings you but does no damage.
The scorpion closely misses you.
You shoot an arrow. The arrow hits the scorpion.
The scorpion is almost dead.
You feel sick. The scorpion stings you.
You are lethally poisoned!
The scorpion poisons you!
You shoot an arrow. The arrow hits the scorpion.
You kill the scorpion!
You feel very sick.
Your Ranged Weapons skill increases to level 7!
You have reached level 4!
You feel clever.
There is a lethal amount of poison in your body!
You die...

#.# #.. #.# #.#
#.#
#######.#######
......%........
#@######.###
#...........
########.###


There were no monsters in sight!

Vanquished Creatures
  A scorpion (D:4)
  A worm (D:2)
  3 endoplasms (D:1)
  3 giant cockroaches (D:1)
  3 goblins (D:1)
  5 hobgoblins (D:1)
  A kobold (D:2)
  2 quokkas (D:2)
  A ball python (D:2)
  4 bats
  2 frilled lizards (D:2)
  A rat (D:1)
27 creatures vanquished.

Notes
Turn   | Place    | Note
-------+----------+-------------------------------------------
     0 | D:1      | qw the Deep Elf Hunter began the quest for the Orb.
     0 | D:1      | Reached XP level 1. HP: 12/12 MP: 3/3
     0 | D:1      | 0 ||| qw: Version: 0.3-a-9-g12657ce
     0 | D:1      | 0 ||| qw: Game counter: 2104
     0 | D:1      | 0 ||| qw: Always use a shield: true
     0 | D:1      | 0 ||| qw: God list: Okawaru
     0 | D:1      | 0 ||| qw: Allow faded altars: false
     0 | D:1      | 0 ||| qw: Do Orc after D:15 true
     0 | D:1      | 0 ||| qw: Do second Lair branch before Depths: true
     0 | D:1      | 0 ||| qw: Lair rune preference: random
     0 | D:1      | 0 ||| qw: Plans: Normal
     0 | D:1      | 0 ||| PLANNING D:1-11
   105 | D:1      | Found a faded altar of an unknown god.
   107 | D:1      | Reached XP level 2. HP: 16/16 MP: 4/4
   130 | D:1      | Reached skill level 6 in Ranged Weapons
   653 | D:1      | 653 ||| UPGRADING to +0 ring mail.
   663 | D:1      | 663 ||| DROPPING +0 leather armour.
   664 | D:1      | 664 ||| UPGRADING to +6 ring of strength.
   665 | D:1      | 665 ||| READING scroll labelled OJIXKO POENYEGO.
   666 | D:1      | 666 ||| READING scroll labelled AXTIESTUNLI.
   667 | D:1      | 667 ||| READING scroll labelled VONNEU ECEO.
   670 | D:1      | 670 ||| DROPPING scroll of butterflies.
   725 | D:2      | Reached XP level 3. HP: 20/20 MP: 5/5
   881 | D:2      | Identified the +5 spear "Dragon's Death Toll" {freeze, rN+
                  | Int-2 Stlth+}
   909 | D:2      | You fall into a shaft and drop 2 floors!
   913 | D:4      | Noticed a scorpion
   921 | D:4      | Killed a scorpion
   921 | D:4      | HP: 2/20 [poisoned by a scorpion]
   922 | D:4      | Reached skill level 7 in Ranged Weapons
   922 | D:4      | Reached XP level 4. HP: 3/25 MP: 6/6
   922 | D:4      | Succumbed to a scorpion's poison

Levels and vault maps discovered:
D:1:      pf_arrival_petrified_forest, layout_basic,
          hellmonk_ecumenical_altar_heavens_door
D:2:      layout_rooms
D:4:      layout_loops_ring, ebering_ghost_disaster_area, kennysheep_dice,
          uniq_pargi

Skill      XL: |  1  2  3 |
---------------+----------+-----
Ranged Weapons | 6 7 |  7.7
Fighting       | |  1.5
Dodging        | |  2.4
Stealth        | |  1.2

Action                     |  1- 3 |  4- 6 || total
---------------------------+-------+-------++-------
   Fire: Shortbow          |    75 |       ||    75
    Use: Scroll            |     3 |       ||     3
 Armour: Leather armour    |     2 |       ||     2
         Ring mail         |     5 |       ||     5
  Dodge: Dodged            |    10 |       ||    10

Table legend:
 A = Non-vault XP
 B = Vault XP
 C = Vault XP percentage of total XP
 D = Non-vault monster count
 E = Vault monster count
 F = Vault count percentage of total count
                 A         B        C        D         E       F
            +---------+---------+-------+---------+---------+-------
      Total |     129 |       0 |   0.0 |      27 |       0 |   0.0
            +---------+---------+-------+---------+---------+-------
        D:1 |      32 |       0 |   0.0 |      17 |       0 |   0.0
        D:2 |      17 |       0 |   0.0 |       9 |       0 |   0.0
        D:4 |      80 |       0 |   0.0 |       1 |       0 |   0.0
            +---------+---------+-------+---------+---------+-------
